AoeStats
← xlalox corona

Golden Pit

507209723Analyzed
1v1 RM · 14d ago on Sep 17, 2026· 64m 2s· 2 players
Game mode
Random Map
Map size
Tiny (2 player)
Population
200
Speed
Normal
Resources
Standard
Victory
Conquest
Starting age
Dark Age
Ending age
Imperial Age
RankedLock teamsTeams togetherTeam positionsShared explorationLock speedFull tech treeHidden civsTurbo modeCheats
Victory
Defeat
🇲🇽 Mongols · Mexico
1726
+19
🇪🇨 Saracens · Ecuador
1794
-19
xlalox corona
5:20 Loom
7:38 Feudal Age
7:36 Loom
9:40 Double-Bit Axe
20:44 Castle Age
18:36 Horse Collar
19:11 Fletching
20:49 Gold Mining
20:56 Crossbowman
21:42 Bodkin Arrow
22:44 Bow Saw
23:48 Heavy Plow
29:01 Wheelbarrow
28:44 Padded Archer Armor
33:21 Leather Archer Armor
34:54 Ballistics
39:17 Imperial Age
38:36 Thumb Ring
39:47 Bloodlines
40:43 Bracer
42:38 Chemistry
44:21 Husbandry
43:42 Light Cavalry
45:56 Scale Barding Armor
47:58 Chain Barding Armor
48:32 Conscription
49:34 Forging
50:47 Hussar
54:53 Iron Casting
57:54 Blast Furnace
[ECU] Shamash
6:52 Loom
9:19 Feudal Age
10:02 Double-Bit Axe
10:20 Horse Collar
21:07 Castle Age
19:29 Stone Mining
20:15 Fletching
21:00 Padded Archer Armor
21:12 Crossbowman
21:52 Bodkin Arrow
24:33 Thumb Ring
25:24 Leather Archer Armor
27:02 Ballistics
27:39 Town Watch
35:37 Imperial Age
35:13 Gold Mining
36:24 Bracer
37:26 Chemistry
39:59 Ring Archer Armor
40:28 Elite Skirmisher
48:26 Arbalester
50:03 Wheelbarrow
51:54 Conscription
53:26 Scale Barding Armor
56:43 Bloodlines
64:09 Forging
Connection lost

Rejoining the realm…

Still unreachable

The connection could not be restored.

Session expired

The server has moved on; the page needs a fresh start.